 Dungeon Crawl Stone Soup version 0.21.1-1-g345015f (webtiles) character file.

6174 Serooblart the Fighter (level 10, -5/101 HPs)
             Began as a Minotaur Berserker on Feb 18, 2018.
             Was an Elder of Trog.
             Slain by a skeletal warrior
             ... wielding a +0 mace
              (10 damage)
             ... on level 11 of the Dungeon.
             The game lasted 00:20:17 (8330 turns).

Serooblart the Fighter (Minotaur Berserker)         Turns: 8330, Time: 00:20:17

Health: -5/101     AC: 11    Str: 25    XL:     10   Next: 60%
Magic:  9/9        EV:  9    Int:  4    God:    Trog [****..]
Gold:   651        SH:  0    Dex: 10    Spells: 9/9 levels left

rFire    . . .     SeeInvis .   (no weapon)
rCold    . . .     Gourm    .   (no shield)
rNeg     . . .     Faith    +   k - +0 chain mail
rPois    .         Spirit   .   (helmet restricted)
rElec    .         Reflect  .   (no cloak)
rCorr    .         Harm     .   (no gloves)
MR       .....                  (no boots)
Stlth    ..........             p - amulet of faith
HPRegen  0.26/turn              u - ring of flight
MPRegen  0.11/turn              v - +5 ring of slaying

@: berserk cooldown, slowed, very slow
A: retaliatory headbutt, horns 2
a: Berserk, Trog's Hand, Brothers in Arms, Burn Spellbooks, Renounce Religion,
Evoke Flight


You were on level 11 of the Dungeon.
You worshipped Trog.
Trog was greatly pleased with you.
You were not hungry.

You visited 1 branch of the dungeon, and saw 9 of its levels.

You collected 651 gold pieces.

Inventory:

Hand Weapons
 j - a +3 hand axe of venom
 F - a +4 morningstar of crushing
Missiles
 e - 18 tomahawks (quivered)
 q - 14 javelins
 y - 6 tomahawks of returning
 D - a throwing net
Armour
 k - a +0 chain mail (worn)
Jewellery
 d - a cursed ring of teleportation
 h - an uncursed ring of protection from fire
 p - an amulet of faith (around neck)
 u - a ring of flight (left hand)
 v - a +5 ring of slaying (right hand)
 z - a +4 amulet of reflection
Wands
 r - a wand of polymorph (49)
 B - a wand of enslavement (14)
Scrolls
 f - 4 scrolls of magic mapping
 g - 4 scrolls of remove curse
 o - a scroll of identify
 w - a scroll of enchant armour
 E - a scroll of enchant weapon
Potions
 b - a potion of heal wounds
 i - 3 potions of might
 l - 3 potions of curing
 m - 2 potions of flight
 s - a potion of haste
Books
 a - a book of Maledictions

   Spells                             Type                      Level
   a - Corona                         Hexes                        1
   b - Ensorcelled Hibernation        Hexes/Ice                    2
   c - Confuse                        Hexes                        3
   d - Tukima's Dance                 Hexes                        3
   e - Dazzling Spray                 Conjuration/Hexes            3
   Trog disapproves of the use of such an item.
 n - a Young Poisoner's Handbook

   Spells                             Type                      Level
   a - Sting                          Conjuration/Poison           1
   b - Poisonous Vapours              Poison/Air                   2
   c - Mephitic Cloud                 Conjuration/Poison/Air       3
   d - Olgreb's Toxic Radiance        Poison                       4
   e - Venom Bolt                     Conjuration/Poison           5
   Trog disapproves of the use of such an item.
 x - a book of Air

   Spells                             Type                      Level
   a - Shock                          Conjuration/Air              1
   b - Swiftness                      Charms/Air                   2
   c - Static Discharge               Conjuration/Air              3
   d - Airstrike                      Air                          4
   e - Lightning Bolt                 Conjuration/Air              5
   Trog disapproves of the use of such an item.
Miscellaneous
 A - a phial of floods
Comestibles
 c - 15 rations


   Skills:
 * Level 13.5 Fighting
 + Level 10.3 Axes
 + Level 9.9 Armour
 - Level 2.1 Dodging


You had 9 spell levels left.
You didn't know any spells.

Dungeon Overview and Level Annotations

Branches:
Dungeon (11/15)            Temple (0/1) D:6            Lair (0/6) D:10
    Orc: D:9-12

Altars:
Hepliaklqana
Makhleb
Sif Muna

Shops:
D:6 }   D:9 (


Innate Abilities, Weirdness & Mutations

You reflexively headbutt those who attack you in melee.
You have a pair of horns on your head.


Message History

You headbutt the skeletal warrior.
The skeletal warrior is lightly damaged.
The skeletal warrior hits you with a dire flail.
The yak closely misses you. The yak gores you!
You hit the skeletal warrior but do no damage.
The yak closely misses you. The yak gores you!
The yak gores you but does no damage.
The skeletal warrior hits you with a mace!
* * * LOW HITPOINT WARNING * * *
The skeletal warrior hits you with a dire flail!
* * * LOW HITPOINT WARNING * * *
The yak gores you.
* * * LOW HITPOINT WARNING * * *
A yak and a skeletal warrior come into view.
As you read the scroll of fog, it crumbles to dust.
The scroll dissolves into smoke.
The yak barely misses you.
The skeletal warrior closely misses you.
You furiously retaliate!
You headbutt the skeletal warrior!!
The skeletal warrior hits you with a mace!
You die...

#######..
###.......
###........#
...........#
...........##
#.....§.....#
#...%§§§§..#
......Y@z.#
###..§Yz###
####§Yz..#
#...Y..z..
#......z..
##........
#(.......
#......Y.
.........


You could see 3 skeletal warriors and 3 yaks.

Vanquished Creatures
  3 two-headed ogres (D:9)
  Grinder (D:3)
  A hippogriff (D:9)
  A wraith (D:10)
  A wyvern (D:11)
  Menkaure (D:6)
  A water moccasin (D:10)
  An ice beast (D:9)
  An orc warrior (D:6)
  A sky beast (D:9)
  2 phantoms
  5 ogres
  9 centaurs
  A big kobold (D:9)
  A gnoll sergeant (D:9)
  A bullfrog (D:6)
  A water moccasin skeleton (D:6)
  5 wights (D:6)
  4 howler monkeys
  3 crimson imps
  A gnoll shaman (D:6)
  3 hounds (D:10)
  3 orc priests
  5 jellies
  5 orc wizards
  A bullfrog skeleton (D:4)
  Natasha (thrice) (D:3)
  2 iguanas (D:10)
  4 worker ants
  A worker ant zombie (D:9)
  A howler monkey zombie (D:6)
  8 gnolls
  8 adders
  A shadow imp (D:3)
  5 oozes (D:9)
  2 worms (D:3)
  3 dart slugs (D:1)
  3 leopard geckos
  21 orcs
  8 bats
  8 giant cockroaches
  8 goblins
  9 hobgoblins
  15 jackals
  3 quokkas
  A ball python (D:3)
  3 frilled lizards
  13 kobolds
  8 rats
  2 plants (D:10)
202 creatures vanquished.

Notes
Turn   | Place    | Note
-------+----------+-------------------------------------------
     0 | D:1      | Serooblart the Minotaur Berserker began the quest for the Orb.
     0 | D:1      | Reached XP level 1. HP: 19/19 MP: 0/0
   216 | D:1      | Reached skill level 4 in Fighting
   222 | D:1      | Reached XP level 2. HP: 23/27 MP: 1/1
   927 | D:1      | Reached XP level 3. HP: 34/34 MP: 2/2
  1584 | D:2      | Reached ** piety under Trog
  2454 | D:3      | Reached XP level 4. HP: 39/41 MP: 3/3
  2487 | D:3      | Reached skill level 5 in Fighting
  2639 | D:3      | Noticed Natasha
  2644 | D:3      | Killed Natasha
  2808 | D:3      | Noticed Grinder
  2815 | D:3      | Killed Grinder
  2815 | D:3      | Reached skill level 6 in Fighting
  2815 | D:3      | Reached skill level 5 in Axes
  2815 | D:3      | Reached XP level 5. HP: 51/51 MP: 4/4
  2815 | D:3      | Reached XP level 6. HP: 58/58 MP: 5/5
  2837 | D:3      | Reached *** piety under Trog
  2901 | D:3      | Noticed Natasha
  2905 | D:3      | Killed Natasha
  2923 | D:3      | Noticed Natasha
  2929 | D:3      | Killed Natasha
  3330 | D:4      | Reached skill level 7 in Fighting
  3624 | D:4      | Reached skill level 5 in Armour
  3624 | D:4      | Reached XP level 7. HP: 49/66 MP: 6/6
  3747 | D:4      | Found a burning altar of Makhleb.
  4078 | D:5      | Entered Level 5 of the Dungeon
  4372 | D:5      | Reached skill level 8 in Fighting
  4721 | D:6      | Reached **** piety under Trog
  4881 | D:6      | Reached XP level 8. HP: 61/77 MP: 7/7
  5024 | D:6      | Reached skill level 9 in Fighting
  5084 | D:6      | Noticed Menkaure
  5092 | D:6      | Killed Menkaure
  5092 | D:6      | Reached skill level 10 in Fighting
  5172 | D:6      | Found Cusmigel's Gadget Shoppe.
  5630 | D:6      | Found a staircase to the Ecumenical Temple.
  5662 | D:6      | You fall through a shaft for 3 floors!
  5813 | D:9      | Reached XP level 9. HP: 62/86 MP: 8/8
  5965 | D:9      | Noticed a two-headed ogre
  5970 | D:9      | Killed a two-headed ogre
  5970 | D:9      | Reached skill level 11 in Fighting
  5989 | D:9      | Found a deep blue altar of Sif Muna.
  6007 | D:9      | Identified Sif Muna's Papyrus of Sinister Arts
  6077 | D:9      | Found Xuijizec's Antique Weapon Shoppe.
  6091 | D:9      | Noticed a two-headed ogre
  6099 | D:9      | Killed a two-headed ogre
  6099 | D:9      | Reached skill level 12 in Fighting
  6765 | D:9      | Noticed a two-headed ogre
  6771 | D:9      | Killed a two-headed ogre
  6771 | D:9      | Reached XP level 10. HP: 51/100 MP: 9/9
  7093 | D:10     | Entered Level 10 of the Dungeon
  7387 | D:10     | Found a hazy altar of Hepliaklqana.
  7397 | D:10     | Found a staircase to the Lair.
  7511 | D:10     | Reached skill level 13 in Fighting
  7640 | D:10     | Reached skill level 10 in Axes
  7742 | D:10     | Found a flagged portal.
  8315 | D:11     | Noticed a skeletal warrior
  8315 | D:11     | Noticed a skeletal warrior
  8329 | D:11     | HP: 5/101 [yak (1)]
  8330 | D:11     | Noticed a skeletal warrior
  8330 | D:11     | Slain by a skeletal warrior

Skill      XL: |  1  2  3  4  5  6  7  8  9 10 |
---------------+-------------------------------+-----
Fighting       | 4 6 7 8 10 12 13 | 13.5
Axes           | 4 5 6 8 9 10 | 10.3
Armour         | 3 4 5 6 7 9 |  9.9
Dodging        | |  2.1

Action                   |  1- 3 |  4- 6 |  7- 9 | 10-12 || total
-------------------------+-------+-------+-------+-------++-------
Melee: Hand axe          |   101 |    80 |   150 |    74 ||   405
       Headbutt          |    17 |    12 |    32 |    27 ||    88
       Unarmed           |       |       |       |    28 ||    28
Invok: Berserk           |       |     1 |     6 |     1 ||     8
 Abil: Evoke Flight      |       |       |     1 |     3 ||     4
  Use: Scroll            |     7 |     3 |     7 |     3 ||    20
       Potion            |     3 |     1 |     3 |     1 ||     8
  Eat: Chunk             |     5 |     5 |    14 |     1 ||    25
       Ration            |       |       |       |     2 ||     2
Armor: Animal skin       |    16 |       |       |       ||    16
       Scale mail        |     2 |    17 |       |       ||    19
       Chain mail        |       |    19 |    70 |    34 ||   123
Dodge: Dodged            |    55 |    33 |    74 |    45 ||   207
